 Dungeon Crawl Stone Soup version 0.26.0-18-gc5c842f807 (webtiles) character file.

Game seed: 12511878972264744391

666 kaeus the Firebug (level 7, -2/36 HPs)
             Began as a Gargoyle Fire Elementalist on Jan 24, 2021.
             Slain by a lemure (6 damage)
             ... led by Pikel
             ... on level 5 of the Dungeon.
             The game lasted 00:05:29 (5042 turns).

kaeus the Firebug (Gargoyle Fire Elementalist)      Turns: 5042, Time: 00:05:30

Health: -2/36      AC: 14    Str: 12    XL:     7   Next: 57%
Magic:  2/12       EV: 10    Int: 17    God:
Gold:   197        SH:  0    Dex: 10    Spells: 8/13 levels left

rFire    . . .     SeeInvis .   u - +2 dagger (flame)
rCold    . . .     Faith    .   (no shield)
rNeg     + . .     Spirit   .   c - +0 ring mail {rPois}
rPois    ∞         Reflect  .   l - +2 helmet
rElec    +         Harm     .   (no cloak)
rCorr    .         Rampage  .   e - +1 pair of gloves
Will     .....                  (no boots)
Stlth    +.........             (no amulet)
HPRegen  0.12/turn              k - ring of wizardry
MPRegen  0.13/turn              q - ring of wizardry

@: very slightly contaminated
A: negative energy resistance 1, electricity resistance, unbreathing,
petrification resistance, miasma immunity, AC +4
a: no special abilities


You were on level 5 of the Dungeon.
You visited 1 branch of the dungeon, and saw 5 of its levels.
You also visited: Sewer.

You collected 197 gold pieces.

Inventory:

Hand Weapons
 u - a +2 dagger of flaming (weapon)
Armour
 c - a +0 ring mail of poison resistance (worn)
 e - a +1 pair of gloves (worn)
 l - a +2 helmet (worn)
Jewellery
 a - an uncursed ring of fire {unknown}
 k - a ring of wizardry (left hand)
 q - a ring of wizardry (right hand)
 r - an uncursed ring of ice
 x - a cursed ring of teleportation {unknown}
Wands
 v - a wand of flame (3)
Scrolls
 b - 5 scrolls of identify {unknown}
 g - a scroll of noise {unknown}
 i - a scroll of immolation {unknown}
 j - a scroll of enchant armour
 m - 3 scrolls of magic mapping
 n - a scroll of fog {unknown}
 o - 3 scrolls of remove curse
 s - 3 scrolls of amnesia
 t - 2 scrolls of teleportation
Potions
 d - a potion of experience {unknown}
 f - 4 potions of curing
 h - 2 potions of brilliance {unknown}
 p - a potion of cancellation {unknown}
 w - 2 potions of flight {unknown}
 z - a potion of heal wounds {unknown}
 A - a potion of berserk rage {unknown}


   Skills:
 - Level 1.5 Dodging
 - Level 2.1 Stealth
 + Level 3.7 Spellcasting
 * Level 5.6 Conjurations
 * Level 5.8 Fire Magic


You had 8 spell levels left.
You knew the following spells:

 Your Spells              Type           Power        Failure   Level
a - Foxfire               Conj/Fire      88%          1%          1
b - Sticky Flame          Conj/Fire      22%          10%         4

Your spell library contained the following spells:

 Spells                   Type           Power        Failure   Level
 Conjure Flame            Conj/Fire      22%          3%          3
 Inner Flame              Hex/Fire       13%          9%          3
 Fireball                 Conj/Fire      11%          24%         5


Dungeon Overview and Level Annotations

Branches:
Dungeon (5/15)              Sewer (visited)
 Temple: D:4-7

Altars:
Sif Muna

Annotations:
D:4 Pikel


Innate Abilities, Weirdness & Mutations

You are resistant to torment.
Your stone body is resilient. (AC +4)
You are immune to poison.
You resist negative energy. (rN+)
You are resistant to electric shocks. (rElec)
You can survive without breathing.
You are immune to petrification.
You are immune to miasma.


Message History

Casting: Sticky Flame (quite dangerous; 10% risk of failure)
Confirm with . or Enter, or press ? or * to list all spells.
You don't have enough magic to cast that spell.
Casting: Sticky Flame (quite dangerous; 10% risk of failure)
Confirm with . or Enter, or press ? or * to list all spells.
You conjure some foxfire!
The lemure burns!
The lemure stops burning.
The lemure misses you. The lemure hits you.
* * * LOW HITPOINT WARNING * * *
The lemure hits you but does no damage.
You take 3 damage, and have 8/36 hp.
You now have 2/12 mp.
You hit the lemure. You burn the lemure.
The lemure is moderately wounded.
The foxfire hits the lemure.
The lemure is almost dead.
The foxfire hits the lemure.
You kill the lemure!
That felt strangely unrewarding.
The lemure hits you.
* * * LOW HITPOINT WARNING * * *
The lemure hits you.
You die...

########
#......#
#.#....#
#......####
#§.........
#.@....##
#.55÷...#
#.......#
#.#.#.#.#
#..###..#
#.# #.# #.
.# #. #


You could see 2 lemures.

Vanquished Creatures
  Purgy (Sewer)
  A sky beast (D:3)
  2 lemures (D:5)
  2 howler monkeys (D:4)
  An orc priest (D:3)
  A hound (D:5)
  Ijyb (D:3)
  Jessica (D:3)
  4 orc wizards
  A howler monkey skeleton (D:4)
  5 adders
  A shadow imp (D:4)
  An ooze (D:4)
  3 worms
  A dart slug (D:1)
  A leopard gecko (D:1)
  17 orcs
  A giant cockroach (D:3)
  12 goblins
  6 hobgoblins
  2 jackals (D:2)
  4 ball pythons
  15 bats
  6 frilled lizards
  4 kobolds (D:2)
  10 rats
104 creatures vanquished.

Vanquished Creatures (others)
  A scorpion (D:5)
  A howler monkey (D:5)
  An adder (D:5)
  292 foxfires
295 creatures vanquished.

Grand Total: 399 creatures vanquished

Notes
Turn   | Place    | Note
-------+----------+-------------------------------------------
     0 | D:1      | kaeus the Gargoyle Fire Elementalist began the quest for
                  | the Orb.
     0 | D:1      | Reached XP level 1. HP: 10/10 MP: 3/3
   177 | D:1      | Reached XP level 2. HP: 15/15 MP: 0/5
   858 | D:1      | Reached XP level 3. HP: 19/19 MP: 0/6
  1554 | D:2      | Reached XP level 4. HP: 24/24 MP: 3/7
  2131 | D:3      | Noticed Ijyb
  2156 | D:3      | HP: 1/24 [Ijyb/puff of flame (8)]
  2164 | D:3      | Killed Ijyb
  2599 | D:3      | Reached XP level 5. HP: 24/28 MP: 5/9
  2617 | D:3      | Learned a level 4 spell: Sticky Flame
  2959 | D:3      | Noticed a sky beast
  2978 | D:3      | Killed a sky beast
  2979 | D:3      | Reached XP level 6. HP: 32/32 MP: 4/10
  3277 | D:3      | Reached skill level 5 in Fire Magic
  3718 | D:3      | Noticed Jessica
  3722 | D:3      | Killed Jessica
  3760 | D:3      | Found a shimmering blue altar of Sif Muna.
  4024 | D:4      | Found a glowing drain.
  4035 | Sewer    | Entered a sewer
  4145 | Sewer    | Noticed Purgy
  4173 | Sewer    | Killed Purgy
  4174 | Sewer    | Reached skill level 5 in Conjurations
  4174 | Sewer    | Reached XP level 7. HP: 36/36 MP: 0/12
  4771 | D:4      | Noticed Pikel
  4787 | D:5      | Entered Level 5 of the Dungeon
  5042 | D:5      | Slain by a lemure

Illustrated notes

Levels and vault maps discovered:
D:1:      matt_arrival_los_fun, layout_basic, nrook_mini_backslash
D:2:      layout_rooms
D:3:      layout_loops_ring, tgw_sif, uniq_ijyb
D:4:      layout_rooms, cheibrodos_sewer_entry_sluice, serial_shops, shop,
          serial_bayou_pond_a, uniq_pikel
D:5:      layout_loops_cross, xom_confusion_cloud, minmay_temple_entry_mist,
          uniq_sigmund

Skill      XL: |  1  2  3  4  5  6 |
---------------+-------------------+-----
Conjurations   | 2 3 4 5 |  5.6
Fire Magic     | 4 5 |  5.8
Spellcasting   | 3 |  3.7
Dodging        | |  1.5
Stealth        | |  2.1

Action                   |  1- 3 |  4- 6 |  7- 9 || total
-------------------------+-------+-------+-------++-------
Melee: Unarmed           |     2 |       |       ||     2
       Dagger            |    30 |   153 |    36 ||   219
 Cast: Foxfire           |    72 |   104 |    32 ||   208
       Sticky Flame      |       |       |     3 ||     3
  Use: Potion            |       |     1 |     1 ||     2
       Scroll            |       |     7 |       ||     7
Armor: Ring mail         |    10 |   117 |    56 ||   183
Dodge: Dodged            |    13 |    87 |    50 ||   150
